Map: Ascension to Aiur LE

Players

Zest - Winner!

  • Race: Protoss Protoss
  • League: Master
  • Spawn Location: 11:00

Gumiho

  • Race: Terran Terran
  • League: Master
  • Spawn Location: 5:00

Event: HomeStory Cup XV

VOD

Have the link to the VOD?

Description

Time

  • Played on: July 23, 2017, 9:01 a.m.
  • Length: 10:37

All games in this series

Show
View Real Time Build Order
Export as new Build Order

Zest Protoss - Winner!

Build Orders: 1 Gate Expand, Dark Templar Rush 

Get SALT Encoding   

  12  0:00  Probe (Chrono Boost)  
  13  0:11  Probe (Chrono Boost)  
  14  0:17  Pylon  
  14  0:22  Probe (Chrono Boost)  
  15  0:35  Probe (Chrono Boost)  
  16  0:36  Gateway  
  16  0:41  Assimilator  
  16  0:45  Probe (Chrono Boost)  
  17  0:56  Probe (Chrono Boost)  
  18  1:07  Probe (Chrono Boost)  
  19  1:18  Nexus  
  19  1:27  Cybernetics Core  
  19  1:31  Probe (Chrono Boost)  
  20  1:36  Assimilator  
  20  1:41  Probe (Chrono Boost)  
  20  1:45  Pylon  
  21  1:52  Probe (Chrono Boost)  
  22  2:02  Probe (Chrono Boost)  
  22  2:03  Adept (Chrono Boost)  
  22  2:05  Warp Gate (Chrono Boost)  
  25  2:14  Probe  
  26  2:16  Twilight Council  
  26  2:26  Probe (Chrono Boost)  
  26  2:27  Adept (Chrono Boost)  
  29  2:30  Probe (Chrono Boost)  
  30  2:37  Probe (Chrono Boost)  
  30  2:40  Probe (Chrono Boost)  
  32  2:48  Probe (Chrono Boost)  
  34  2:52  Dark Shrine  
  34  3:03  Pylon, Mothership Core (Chrono Boost)  
  28  3:25  Stalker (Chrono Boost)  
  27  3:28  Gateway  
  29  3:38  Gateway  
  29  3:54  Pylon  
  29  4:00  Probe  
  29  4:01  Probe  
  29  4:06  Stalker  
  31  4:13  Probe x2  
  33  4:25  Dark Templar  
  33  4:26  Dark Templar  
  33  4:28  Probe x2 (Chrono Boost)  
  39  4:34  Robotics Facility  
  38  4:41  Probe x2 (Chrono Boost)  
  40  4:55  Dark Templar  
  40  4:56  Probe x2 (Chrono Boost)  
  44  5:07  Probe x2 (Chrono Boost)  
  44  5:14  Dark Templar  
  44  5:17  Probe x2 (Chrono Boost)  
  46  5:26  Probe  
  46  5:27  Observer (Chrono Boost)  
  46  5:28  Probe  
  49  5:37  Probe  
  49  5:40  Probe  
  51  5:44  Resonating Glaives  
  51  5:47  Probe  
  52  5:52  Probe  
  53  5:57  Gateway  
  53  5:58  Probe  
  53  6:00  Gateway  
  53  6:02  Gateway  
  54  6:15  Dark Templar  
  54  6:20  Warp Prism (Chrono Boost)  
  54  6:22  Pylon  
  54  6:25  Pylon  
  54  6:27  Pylon  
  54  6:30  Assimilator  
  54  6:31  Dark Templar  
  56  6:39  Adept  
  55  6:51  Adept  
  54  7:07  Adept x4  
  60  7:12  Probe  
  60  7:13  Probe  
  60  7:14  Pylon  
  60  7:15  Assimilator  
  60  7:21  Pylon  
  60  7:23  Probe  
  60  7:24  Pylon  
  60  7:25  Pylon, Probe  
  62  7:38  Adept x2  
  62  7:39  Adept x2  
  62  7:40  Adept  
  72  7:44  Adept  
  74  7:59  Dark Templar, Adept  
  74  8:00  Adept x2  
  76  8:07  Adept x2  
  74  8:21  Adept x3  
  66  8:30  Adept x2  
  66  8:32  Adept  
  70  8:34  Mothership Core  
  58  8:58  Observer (Chrono Boost)  
  58  9:02  Forge  
  59  9:04  Probe  
  59  9:05  Probe  
  59  9:08  Sentry  
  63  9:11  Dark Templar  
  63  9:15  Immortal  
  65  9:23  Stalker x3  
  73  9:30  Stalker  
  71  9:43  Adept  
  71  9:44  Adept  
  67  9:48  Adept  
  67  9:52  Adept x2  
  75  10:16  Dark Templar  
  75  10:19  Adept  
  75  10:20  Adept x3  
Show
View Real Time Build Order
Export as new Build Order

Gumiho Terran 

Build Orders: Cyclone Opening, MMM Bio 

Get SALT Encoding   

  12  0:00  SCV  
  13  0:13  SCV  
  14  0:17  Supply Depot  
  14  0:25  SCV  
  14  0:28  Refinery  
  15  0:38  SCV  
  16  0:44  Barracks  
  16  0:50  SCV  
  17  1:02  SCV  
  18  1:14  SCV  
  19  1:30  Marine  
  20  1:34  Factory, Supply Depot  
  20  1:36  Orbital Command  
  20  1:48  Marine  
  21  2:02  SCV  
  21  2:06  Marine  
  23  2:14  SCV  
  24  2:18  Cyclone  
  27  2:24  Barracks Reactor  
  27  2:29  Command Center  
  27  2:30  SCV  
  27  2:35  Supply Depot  
  28  2:42  SCV  
  29  2:49  Widow Mine  
  31  2:57  Bunker  
  31  2:58  Barracks  
  31  2:59  SCV  
  31  3:00  Marine  
  31  3:03  Marine  
  34  3:11  SCV  
  34  3:18  Marine  
  35  3:21  Marine  
  32  3:30  SCV  
  32  3:32  Refinery  
  32  3:33  Widow Mine  
  29  3:36  Marine  
  29  3:39  Marine  
  33  3:42  SCV  
  33  3:46  Barracks Tech Lab  
  34  3:54  Marine, SCV  
  36  3:57  Marine  
  36  4:06  SCV  
  36  4:07  Stimpack  
  36  4:12  Marine  
  36  4:14  Marine, Starport  
  39  4:21  Supply Depot  
  39  4:23  Supply Depot  
  39  4:25  SCV, Orbital Command  
  39  4:29  Marauder  
  39  4:30  Marine  
  42  4:37  SCV  
  43  4:40  Barracks  
  42  4:49  SCV, Engineering Bay  
  39  4:54  Marine x2  
  39  4:58  Medivac  
  43  5:01  Marine  
  43  5:07  SCV  
  43  5:12  Marine  
  44  5:17  Missile Turret  
  44  5:19  SCV  
  44  5:20  Marine  
  46  5:22  Marine  
  47  5:31  Orbital Command  
  47  5:33  Starport Reactor  
  47  5:37  SCV, Barracks Tech Lab  
  47  5:40  Marine  
  47  5:42  Marine  
  50  5:45  Marine  
  49  5:58  Marine  
  49  6:00  Missile Turret  
  50  6:04  Marine  
  50  6:05  Marine  
  50  6:08  Combat Shields  
  52  6:14  SCV x2  
  52  6:18  Marine  
  53  6:22  Medivac  
  55  6:26  Medivac  
  55  6:30  Marine x2  
  55  6:32  Missile Turret  
  58  6:41  Marine x2  
  60  6:49  Marauder  
  62  6:55  Liberator  
  62  6:58  Liberator, Orbital Command, Marine  
  62  6:59  Marauder  
  62  7:01  Marine  
  63  7:10  Marauder  
  70  7:17  Missile Turret  
  70  7:26  Supply Depot  
  70  7:40  Marine x4, Supply Depot  
  75  7:44  SCV  
  65  7:58  Marine x2  
  56  8:07  Marine  
  57  8:13  Marine  
  57  8:19  Marine  
  51  8:20  Marine  
  51  8:25  Marine  
  46  8:31  Marine  
  44  8:36  Marine  
  44  8:38  Marine  
  45  8:43  Marine  
  43  8:49  Marine  
  43  8:51  Liberator  
  43  8:54  Marine  
  44  9:02  Liberator  
  49  9:25  Marine  
  50  9:33  Marine  
  42  9:41  Marine  
  42  9:43  Marine  
  41  9:50  Marine  
  37  9:53  Marine  
  38  10:00  SCV  
  38  10:06  Marine  
  40  10:15  Marine  
Tags
 
Add a new tag
Caveats
  • Supply blocks, unpowered buildings, or Contaminate may cause inaccurate times.
  • Supply counts are checked every 10 seconds.